TOP OF THE 1ST |
---|
Portland Cards batting - Pitching for Jersey Shore D-Bags : RHP Roland Martin | Pitching: RHP Roland Martin | | Batting: RHB Dani Vázquez | 0-0: Ball 1-0: Ball 2-0: Ball 3-0: Base on Balls | Batting: RHB António Zúńiga | 0-0: Ball 1-0: SINGLE (Groundball, 4MD) Dani Vázquez to second Runner from 2nd tries for 3rd, OUT! | Batting: LHB Troy Donaldson | 0-0: Called Strike 0-1: Fly out, F8 (Flyball, 8RXD) | Batting: LHB Chance Santry | 0-0: Ball António Zúńiga is caught stealing 2nd base | Top of the 1st over - 0 runs, 1 hit, 0 errors, 0 left on base; Portland 0 - Jersey Shore 0 | BOTTOM OF THE 1ST |
---|
Jersey Shore D-Bags batting - Pitching for Portland Cards : LHP Kip Manning | Pitching: LHP Kip Manning | | Batting: RHB Ricardo González | 0-0: Swinging Strike 0-1: Ball 1-1: Called Strike 1-2: Ball 2-2: Ball 3-2: Ground out 6-3 (Groundball, 6) | Batting: RHB Ben Morton | 0-0: DOUBLE (Flyball, 8LXD) | Batting: RHB Pat Fullerton | 0-0: Ball 1-0: Swinging Strike 1-1: Swinging Strike 1-2: Ground out 6-3 (Groundball, 6M) Ben Morton to third | Batting: RHB Miguel Serna | 0-0: Foul Ball, location: 2F 0-1: Ground out 6-3 (Groundball, 6) | Bottom of the 1st over - 0 runs, 1 hit, 0 errors, 1 left on base; Portland 0 - Jersey Shore 0 | TOP OF THE 2ND |
---|
Portland Cards batting - Pitching for Jersey Shore D-Bags : RHP Roland Martin | Batting: LHB Chance Santry | 0-0: SINGLE (Groundball, 4MD) | Batting: SHB Felipe Castro | 0-0: Grounds into double play, 4-6-3 (Groundball, 34) | Batting: RHB Mario Méndez | 0-0: Swinging Strike 0-1: Ball 1-1: Ball 2-1: Ball 3-1: Foul Ball, location: 2F 3-2: Strikes out swinging | Top of the 2nd over - 0 runs, 1 hit, 0 errors, 0 left on base; Portland 0 - Jersey Shore 0 | BOTTOM OF THE 2ND |
---|
Jersey Shore D-Bags batting - Pitching for Portland Cards : LHP Kip Manning | Batting: RHB Mike Ingram | 0-0: Called Strike 0-1: Foul Ball, location: 2F 0-2: SOLO HOME RUN (Flyball, 78XD), Distance : 439 ft | Batting: LHB António Cedeńo | 0-0: Ball 1-0: Called Strike 1-1: Foul Ball, location: 2F 1-2: Ground out U3 (Groundball, 3S) | Batting: LHB Albert Morgan | 0-0: Called Strike 0-1: Foul Ball, location: 2F 0-2: Strikes out swinging | Batting: RHB Lowie van den Bogaert | 0-0: SINGLE (Groundball, 34D) | Batting: RHB Tetsunori Ito | 0-0: Ball 1-0: Ground out 4-3 (Groundball, 4) | Bottom of the 2nd over - 1 run, 2 hits, 0 errors, 1 left on base; Portland 0 - Jersey Shore 1 | TOP OF THE 3RD |
---|
Portland Cards batting - Pitching for Jersey Shore D-Bags : RHP Roland Martin | Batting: RHB Robert Bly | 0-0: Fly out, F7 (Flyball, 7) | Batting: RHB Pablo Castillo | 0-0: Called Strike 0-1: Fly out, F6 (Popup, P) | Batting: RHB Augusto Baiano | 0-0: Ball 1-0: SINGLE (Groundball, 6MD) | Batting: RHB Dani Vázquez | 0-0: Foul Ball, location: 2F 0-1: Ball 1-1: Foul Ball, location: 2F 1-2: SINGLE (Groundball, 56S) (infield hit) Augusto Baiano to second | Batting: RHB António Zúńiga | 0-0: Foul Ball, location: 2F 0-1: Swinging Strike 0-2: Ball 1-2: Ball 2-2: Foul Ball, location: 2F 2-2: SINGLE (Line Drive, 4MD) Augusto Baiano to third Dani Vázquez to second | Batting: LHB Troy Donaldson | 0-0: Foul Ball, location: 2F 0-1: Ball 1-1: Ball 2-1: Fly out, F9 (Line Drive, 89D) | Top of the 3rd over - 0 runs, 3 hits, 0 errors, 3 left on base; Portland 0 - Jersey Shore 1 | BOTTOM OF THE 3RD |
---|
Jersey Shore D-Bags batting - Pitching for Portland Cards : LHP Kip Manning | Batting: RHB Ricardo González | 0-0: Ball 1-0: Ball 2-0: Ball 3-0: Base on Balls | Batting: RHB Ben Morton | 0-0: SINGLE (Flyball, 8RM) Ricardo González to second | Batting: RHB Pat Fullerton | 0-0: Ball 1-0: Ball 2-0: Ball 3-0: Called Strike 3-1: Called Strike 3-2: SINGLE (Groundball, 6MD) Ricardo González to third Ben Morton to second | Batting: RHB Miguel Serna | 0-0: SINGLE (Flyball, 8RS) Ricardo González scores Ben Morton to third Pat Fullerton to second Runner from 3rd tries for Home, SAFE, throw made home | Batting: RHB Mike Ingram | 0-0: Ball 1-0: Ball 2-0: Foul Ball, location: 2F 2-1: Ball 3-1: Swinging Strike 3-2: SINGLE (Line Drive, 8LM) Pat Fullerton to third Miguel Serna to second Runner from 3rd tries for Home, SAFE, no throw | Batting: LHB António Cedeńo | 0-0: Ball 1-0: Called Strike 1-1: Fly out, F8 (Line Drive, 89M) | Batting: LHB Albert Morgan | 0-0: Ball 1-0: Foul Ball, location: 2F 1-1: Fly out, F5 (Line Drive, 5S) | Batting: RHB Lowie van den Bogaert | 0-0: Ball 1-0: Ball 2-0: Fly out, F7 (Line Drive, 78D) | Bottom of the 3rd over - 3 runs, 4 hits, 0 errors, 2 left on base; Portland 0 - Jersey Shore 4 | TOP OF THE 4TH |
---|
Portland Cards batting - Pitching for Jersey Shore D-Bags : RHP Roland Martin | Batting: LHB Chance Santry | 0-0: Ball 1-0: Ground out 4-3 (Groundball, 34) | Batting: SHB Felipe Castro | 0-0: Ground out 5-3 (Groundball, 56) | Batting: RHB Mario Méndez | 0-0: Swinging Strike 0-1: Ball 1-1: Ground out 5-3 (Groundball, 56) | Top of the 4th over - 0 runs, 0 hits, 0 errors, 0 left on base; Portland 0 - Jersey Shore 4 | BOTTOM OF THE 4TH |
---|
Jersey Shore D-Bags batting - Pitching for Portland Cards : LHP Kip Manning | Batting: RHB Tetsunori Ito | 0-0: DOUBLE (Line Drive, 7LS) | Batting: RHB Ricardo González | 0-0: Ball 1-0: Foul Ball, location: 2F 1-1: Foul Ball, location: 2F 1-2: Ball 2-2: Ball 3-2: DOUBLE (Line Drive, 7LM) Tetsunori Ito scores | Batting: RHB Ben Morton | 0-0: Ball 1-0: Ground out U3 (Groundball, 3L) Ricardo González to third | Batting: RHB Pat Fullerton | 0-0: Ball 1-0: 2-RUN HOME RUN (Flyball, 7LD), Distance : 346 ft | Batting: RHB Miguel Serna | 0-0: Ball 1-0: Fly out, F7 (Flyball, 7) | Batting: RHB Mike Ingram | 0-0: Ground out 6-3 (Groundball, 6S) | Bottom of the 4th over - 3 runs, 3 hits, 0 errors, 0 left on base; Portland 0 - Jersey Shore 7 | TOP OF THE 5TH |
---|
Portland Cards batting - Pitching for Jersey Shore D-Bags : RHP Roland Martin | Pitching: LHP Aaron Gibbs | | Batting: RHB Robert Bly | 0-0: Called Strike 0-1: Ball 1-1: Ball 2-1: Called Strike 2-2: Foul Ball, location: 2F 2-2: Ball 3-2: Base on Balls | Batting: RHB Pablo Castillo | 0-0: Grounds into double play, 4-6-3 (Groundball, 4) | Batting: RHB Augusto Baiano | 0-0: Foul Ball, location: 2F 0-1: Ground out 3-1 (Groundball, 34S) | Top of the 5th over - 0 runs, 0 hits, 0 errors, 0 left on base; Portland 0 - Jersey Shore 7 | BOTTOM OF THE 5TH |
---|
Jersey Shore D-Bags batting - Pitching for Portland Cards : LHP Kip Manning | Pitching: RHP Ron Biller | | Batting: LHB António Cedeńo | 0-0: Ball 1-0: Called Strike 1-1: SOLO HOME RUN (Flyball, 7LD), Distance : 367 ft | Batting: LHB Albert Morgan | 0-0: Ball 1-0: Called Strike 1-1: Ball 2-1: Ball 3-1: Base on Balls | Batting: RHB Lowie van den Bogaert | 0-0: Ball 1-0: Ball 2-0: Foul Ball, location: 2F 2-1: Grounds into double play, 1-6-3 (Groundball, P) | Batting: RHB Tetsunori Ito | 0-0: Ball 1-0: Ball 2-0: Called Strike 2-1: Ground out 6-3 (Groundball, 6) | Bottom of the 5th over - 1 run, 1 hit, 0 errors, 0 left on base; Portland 0 - Jersey Shore 8 | TOP OF THE 6TH |
---|
Portland Cards batting - Pitching for Jersey Shore D-Bags : LHP Aaron Gibbs | Batting: RHB Dani Vázquez | 0-0: Ball 1-0: Foul Ball, location: 2F 1-1: Swinging Strike 1-2: Foul Ball, location: 2F 1-2: Ball 2-2: Fly out, F9 (Flyball, 9LS) | Batting: RHB António Zúńiga | 0-0: Called Strike 0-1: Fly out, F7 (Flyball, 7) | Batting: LHB Troy Donaldson | 0-0: Called Strike 0-1: Called Strike 0-2: Strikes out swinging | Top of the 6th over - 0 runs, 0 hits, 0 errors, 0 left on base; Portland 0 - Jersey Shore 8 | BOTTOM OF THE 6TH |
---|
Jersey Shore D-Bags batting - Pitching for Portland Cards : RHP Ron Biller | Batting: RHB Ricardo González | 0-0: Ball 1-0: Called Strike 1-1: Swinging Strike 1-2: Ground out U3 (Groundball, 34) | Pitching: RHP Butch Ramey | | Batting: RHB Ben Morton | 0-0: Called Strike 0-1: Called Strike 0-2: Strikes out swinging | Pinch Hitting: LHB Marcos Villarreal | 0-0: Foul Ball, location: 2F 0-1: Ball 1-1: Fly out, F6 (Line Drive, 6) | Bottom of the 6th over - 0 runs, 0 hits, 0 errors, 0 left on base; Portland 0 - Jersey Shore 8 | TOP OF THE 7TH |
---|
Portland Cards batting - Pitching for Jersey Shore D-Bags : LHP Aaron Gibbs | Now in RF: Dave Dodd | | Batting: LHB Chance Santry | 0-0: Ball 1-0: Reached on error, E3 (Groundball, 3L) | Batting: SHB Felipe Castro | 0-0: Called Strike 0-1: Ball 1-1: Foul Ball, location: 2F 1-2: Foul Ball, location: 2F 1-2: Ball 2-2: Foul Ball, location: 2F 2-2: SINGLE (Line Drive, 89S) Chance Santry to second | Batting: RHB Mario Méndez | 0-0: SINGLE (Groundball, 56D) Chance Santry to third Felipe Castro to second Runner from 3rd tries for Home, SAFE, throw made home | Batting: RHB Robert Bly | 0-0: SINGLE (Groundball, 4MD) Felipe Castro to third Mario Méndez to second | Batting: RHB Pablo Castillo | 0-0: Called Strike 0-1: Fly out, F7 (Flyball, 78S) | Batting: RHB Augusto Baiano | 0-0: Ball 1-0: SINGLE (Groundball, 34) (infield hit) Felipe Castro scores Mario Méndez to third Robert Bly to second | Pinch Hitting: LHB Jeff Daniels | 0-0: DOUBLE (Line Drive, 78D) Mario Méndez scores Robert Bly scores Augusto Baiano to third | Pitching: RHP Cristóbal Santos | | Pinch Hitting: RHB Aaron Scott | 0-0: Ball 1-0: Fly out, F4 (Popup, 34S) | Pitching: LHP Ramón Ruíz | | Pinch Hitting: RHB Jesús Gutiérrez | 0-0: Called Strike 0-1: Ground out U3 (Groundball, 23) | Top of the 7th over - 4 runs, 5 hits, 1 error, 2 left on base; Portland 4 - Jersey Shore 8 | BOTTOM OF THE 7TH |
---|
Jersey Shore D-Bags batting - Pitching for Portland Cards : RHP Butch Ramey | Now at 1B: Jeff Daniels | | Now at SS: Jesús Gutiérrez | | Now in CF: José Garza | | Batting: RHB Miguel Serna | 0-0: Ball 1-0: Called Strike 1-1: Foul Ball, location: 2F 1-2: Hit by Pitch | Pinch Hitting: LHB Juan Hernández | 0-0: Ball 1-0: Ball 2-0: Ball 3-0: Called Strike 3-1: Foul Ball, location: 2F 3-2: DOUBLE (Line Drive, 8LD) Miguel Serna to third | Pinch Hitting: LHB Ed Murray | 0-0: Called Strike 0-1: Foul Ball, location: 2F 0-2: SINGLE (Groundball, 34D) Miguel Serna scores Juan Hernández to third | Batting: LHB Albert Morgan | 0-0: Foul Ball, location: 2F 0-1: Ball 1-1: Fly out, F8 (Flyball, 8RS) Runner from 3rd tags up, SCORES, throw made | Batting: RHB Lowie van den Bogaert | 0-0: Called Strike 0-1: Ball 1-1: Ball 2-1: SINGLE (Groundball, 34D) Ed Murray to second Runner from 2nd tries for 3rd, OUT! | Batting: RHB Tetsunori Ito | 0-0: Called Strike 0-1: Foul Ball, location: 2F 0-2: Ball 1-2: Ball Lowie van den Bogaert steals 2nd base 2-2: Reached on error, E5 (Groundball, 5L) Lowie van den Bogaert to third | Batting: RHB Ricardo González | 0-0: SINGLE (Groundball, 56S) (infield hit) Lowie van den Bogaert scores Tetsunori Ito to second | Batting: RHB Ben Morton | 0-0: Ball 1-0: Ball 2-0: Fielders Choice at 2nd, 6-4 (Groundball, 6) | Bottom of the 7th over - 3 runs, 4 hits, 1 error, 2 left on base; Portland 4 - Jersey Shore 11 | TOP OF THE 8TH |
---|
Portland Cards batting - Pitching for Jersey Shore D-Bags : LHP Ramón Ruíz | Now at 1B: Greg Lee | | Now in CF: Juan Hernández | | Pinch Hitting: RHB Peter Hensley | 0-0: Ball 1-0: Fly out, F9 (Line Drive, 89S) | Pitching: RHP Barry Garner | | Pinch Hitting: RHB Jared Thompson | 0-0: Ball 1-0: Ground out 5-3 (Groundball, 56) | Batting: RHB Mario Méndez | 0-0: Ground out 6-3 (Groundball, 6) | Top of the 8th over - 0 runs, 0 hits, 0 errors, 0 left on base; Portland 4 - Jersey Shore 11 | BOTTOM OF THE 8TH |
---|
Jersey Shore D-Bags batting - Pitching for Portland Cards : RHP Butch Ramey | Now in LF: Peter Hensley | | Now in CF: Jared Thompson | | Batting: LHB Dave Dodd | 0-0: Foul Ball, location: 2F 0-1: SINGLE (Groundball, P) (infield hit) | Batting: RHB Miguel Serna | 0-0: Called Strike 0-1: Called Strike 0-2: Fly out, F2 (Popup, 15S) | Batting: LHB Juan Hernández | 0-0: DOUBLE (Flyball, 78XD) Dave Dodd to third Runner from 3rd tries for Home, SAFE, no throw | Batting: RHB Greg Lee | 0-0: Called Strike 0-1: Ball 1-1: Swinging Strike 1-2: Reached on error, E6 (Groundball, 6D) Juan Hernández to third | Batting: LHB Albert Morgan | 0-0: Called Strike 0-1: Called Strike 0-2: Fly out, F5 (Line Drive, 5) | Batting: RHB Lowie van den Bogaert | 0-0: Swinging Strike 0-1: Ground out 4-3 (Groundball, 4) | Bottom of the 8th over - 1 run, 2 hits, 1 error, 2 left on base; Portland 4 - Jersey Shore 12 | TOP OF THE 9TH |
---|
Portland Cards batting - Pitching for Jersey Shore D-Bags : RHP Barry Garner | Batting: LHB Nick Scott | 0-0: Called Strike 0-1: Ball 1-1: Ball 2-1: Foul Ball, location: 2F 2-2: Foul Ball, location: 2F 2-2: Foul Ball, location: 2F 2-2: Strikes out looking | Pinch Hitting: LHB Jesús Raugel | 0-0: Called Strike 0-1: SINGLE (Groundball, 34D) | Batting: RHB Augusto Baiano | 0-0: Called Strike 0-1: Grounds into double play, 4-6-3 (Groundball, 4) | Top of the 9th over - 0 runs, 1 hit, 0 errors, 0 left on base; Portland 4 - Jersey Shore 12 | |